 Dungeon Crawl Stone Soup version 0.32-a0-995-gb4a59205af (webtiles) character file.

Game seed: 3628550152312296662

120 protoss039 the Digger (level 4, 0/32 HPs)
             Began as a Demonspawn Earth Elementalist on Apr 22, 2024.
             Slain by an orc
             ... wielding a +0 war axe
              (2 damage)
             ... on level 3 of the Dungeon.
             The game lasted 00:02:46 (2108 turns).

protoss039 the Digger (DsEE)                        Turns: 2108, Time: 00:02:47

Health: 0/32       AC:  5    Str:  8    XL:     4   Next: 75%
Magic:  4/16       EV: 11    Int: 17    God:
Gold:   248        SH:  8    Dex: 14    Spells: 1/8 levels left

rFire   . . .        h - +0 short sword (freeze)
rCold   . . .        d - +0 buckler
rNeg    . . .        a - +0 robe
rPois   .            (helmet restricted)
rElec   .            (no cloak)
rCorr   .            t - +2 pair of gloves
SInv    .            (no boots)
Will    +....        (no amulet)
Stlth   ++           f - ring of willpower
HPRegen 0.25/turn    m - ring of magical power
MPRegen 0.15/turn

%: no passive effects
@: no status effects
A: horns 1, large bone plates 1
a: no special abilities


You were on level 3 of the Dungeon.
You visited 1 branch of the dungeon, and saw 3 of its levels.

You collected 248 gold pieces.

Inventory:

Hand Weapons
 h - a +0 short sword of freezing (weapon)
Armour
 a - a +0 robe (worn)
 d - a +0 buckler (worn)
 t - a +2 pair of gloves (worn)
Jewellery
 f - a ring of willpower (left hand)
 m - a ring of magical power (right hand)
Wands
 q - a wand of roots (7)
Scrolls
 c - a scroll of identify {unknown}
 g - 2 scrolls of revelation {unknown}
 j - a scroll of enchant weapon {unknown}
 k - a scroll of noise {unknown}
 l - 2 scrolls of blinking {unknown}
 n - 2 scrolls of enchant armour {unknown}
 o - a scroll of butterflies {unknown}
 r - a scroll of poison {unknown}
 s - a scroll of teleportation {unknown}
Potions
 b - 2 potions of magic
 e - a potion of attraction {unknown}
 i - a potion of degeneration {unknown}
 p - a potion of enlightenment {unknown}


   Skills:
 + Level 1.4 Fighting
 * Level 2.5 Dodging
 - Level 1.7 Stealth
 * Level 1.6 Shields
 + Level 2.6 Spellcasting
 + Level 1.5 Conjurations
 + Level 3.2 Earth Magic


You had one spell level left.
You knew the following spells:

 Your Spells              Type           Power      Damage    Failure   Level
a - Sandblast             Erth           26%        2d8       8%          1
b - Passwall              Erth           13%        N/A       22%         3
c - Stone Arrow           Conj/Erth      20%        3d8       32%         3

Your spell library contained the following spells:

 Spells                   Type           Power      Damage    Failure   Level
 Brom's Barrelling Bould  Conj/Erth      10%        2d3       71%         4
 Petrify                  Alch/Erth      7%         N/A       82%         4


Dungeon Overview and Level Annotations

Branches:
Dungeon (3/15) Zot: 15858

Altars:

Shops:
D:1 [[[(


Innate Abilities, Weirdness & Mutations

You have a pair of small horns on your head.
You are partially covered in large bone plates. (SH +4)


Message History

Press: ? - help, Shift-Dir - straight line, f/p - orc
Aim: an orc, wielding a +0 war axe and wearing a +0 scale mail (moderately wounded, 84% to hit)
The blast of sand hits the orc but does no damage.
The orc is moderately wounded.
You block the orc's attack. The orc misses you.
Casting: Sandblast (safe; 8% risk of failure)
Confirm with . or Enter, or press ? or * to list all spells.
Aiming: Sandblast (safe; 8% risk of failure)
Press: ? - help, Shift-Dir - straight line, f/p - orc
Aim: an orc, wielding a +0 war axe and wearing a +0 scale mail (moderately wounded, 84% to hit)
The blast of sand misses the orc.
The orc hits you with a +0 war axe!
* * * LOW HITPOINT WARNING * * *
Unknown command.
Casting: Sandblast (safe; 8% risk of failure)
Confirm with . or Enter, or press ? or * to list all spells.
Aiming: Sandblast (safe; 8% risk of failure)
Press: ? - help, Shift-Dir - straight line, f/p - orc
Aim: an orc, wielding a +0 war axe and wearing a +0 scale mail (moderately wounded, 84% to hit)
The blast of sand misses the orc.
The orc misses you. You block the orc's attack.
Unknown command.
Casting: Sandblast (safe; 8% risk of failure)
Confirm with . or Enter, or press ? or * to list all spells.
Aiming: Sandblast (safe; 8% risk of failure)
Press: ? - help, Shift-Dir - straight line, f/p - orc
Aim: an orc, wielding a +0 war axe and wearing a +0 scale mail (moderately wounded, 84% to hit)
The blast of sand hits the orc but does no damage.
The orc is moderately wounded.
The orc barely misses you.
Casting: Sandblast (safe; 8% risk of failure)
Confirm with . or Enter, or press ? or * to list all spells.
Aiming: Sandblast (safe; 8% risk of failure)
Press: ? - help, Shift-Dir - straight line, f/p - orc
Aim: an orc, wielding a +0 war axe and wearing a +0 scale mail (moderately wounded, 84% to hit)
The blast of sand hits the orc.
The orc is almost dead.
The orc hits you with a +0 war axe!
* * * LOW HITPOINT WARNING * * *
The orc hits you with a +0 war axe.
You die...

#############
...........### ##
#........... .
.####.......#.### .#
#................##.#
..
#.............?####
.#
#......##..........
.# ##.#...###...o..##
.# #...#### #..@#..#
.####...###
#...)..>>..
..........#
#.#.#....##
###†......#
#..........
###.......#
###.#.#.###
.####...### ..#.#.#
.####...# ### # #
...###.## .<.......


You could see an orc.

Vanquished Creatures
  Jessica (D:3)
  2 adders
  3 gnolls (D:2)
  An orc (D:3)
  4 ball pythons
  A bat (D:1)
  5 endoplasms
  3 giant cockroaches (D:1)
  3 goblins
  5 hobgoblins (D:1)
  3 jackals (D:1)
  4 kobolds
  3 quokkas
  4 frilled lizards
  2 rats
44 creatures vanquished.

Notes
Turn   | Place    | Note
-------+----------+-------------------------------------------
     0 | D:1      | protoss039 the Demonspawn Earth Elementalist began the
                  | quest for the Orb.
     0 | D:1      | Reached XP level 1. HP: 13/13 MP: 3/3
    16 | D:1      | Found Deacver's Antique Armour Shop.
   269 | D:1      | Found Cifaraeco's Antique Weapon Shoppe.
   273 | D:1      | Gained mutation: You have a pair of small horns on your
                  | head. [demonic ancestry]
   273 | D:1      | Reached XP level 2. HP: 20/20 MP: 3/5
   420 | D:1      | Reached skill level 1 in Fighting
   420 | D:1      | Reached skill level 3 in Earth Magic
   494 | D:1      | Found Gatoma Liro's Antique Armour Boutique.
   522 | D:1      | Found Itzolalenk's Armour Shoppe.
   771 | D:1      | Reached XP level 3. HP: 23/26 MP: 6/6
  1072 | D:2      | Learned a level 3 spell: Passwall
  1120 | D:2      | Reached skill level 1 in Shields
  1231 | D:2      | Gained mutation: You are partially covered in large bone
                  | plates. (SH +4) [demonic ancestry]
  1231 | D:2      | Reached XP level 4. HP: 32/32 MP: 7/7
  1235 | D:2      | Learned a level 3 spell: Stone Arrow
  2004 | D:3      | Noticed Jessica
  2012 | D:3      | Killed Jessica
  2108 | D:3      | Slain by an orc

Illustrated notes

Levels and vault maps discovered:
D:1:      ncdulo_halloftheorcs, layout_basic, serial_shops, nicolae_shop_stone,
          shop, shop, shop, minmay_gold_behind_fungi
D:2:      layout_loops_ring
D:3:      layout_loops_ring, chequers_ecumenical_altar_grove, uniq_grinder,
          uniq_jessica

Skill      XL: |  1  2  3 |
---------------+----------+-----
Fighting       | 1 |  1.4
Earth Magic    | 3 |  3.2
Dodging        | 2 |  2.5
Shields        | 1 |  1.6
Stealth        | |  1.7
Spellcasting   | |  2.6
Conjurations   | |  1.5

Action                     |  1- 3 |  4- 6 || total
---------------------------+-------+-------++-------
  Melee: Unarmed           |     9 |       ||     9
         Short sword       |    45 |     4 ||    49
         Headbutt          |     9 |     2 ||    11
   Cast: Sandblast         |    31 |    29 ||    60
   Stab: Sleeping          |     2 |     1 ||     3
 Armour: Robe              |    32 |    12 ||    44
  Dodge: Dodged            |    38 |    12 ||    50
  Block: Buckler           |    11 |    10 ||    21

Table legend: (Time is in decaauts)
 A = Elapsed time spent in this place.
 B = Non-inter-level travel time spent in this place.
 C = Inter-level travel time spent in this place.
 D = Time resting spent in this place.
 E = Time spent auto-exploring this place.
 F = Levels seen in this place.
 G = Mean time per level.
                   A        B        C        D        E       F      G
               +--------+--------+--------+--------+--------+-----+--------+
         Total |   2139 |   1990 |    149 |    137 |   1516 |   3 |  713.0 |
       Dungeon |   2139 |   1990 |    149 |    137 |   1516 |   3 |  713.0 |
               +--------+--------+--------+--------+--------+-----+--------+

Top non-repeatable levels by time:
     D:1: 1150 daAuts
     D:2: 874 daAuts
     D:3: 114 daAuts
